 Dungeon Crawl Stone Soup version 0.26-a0-1025-g006ef2cfcc (webtiles) character file.

Game seed: 2435611149605934723

4854 Gargoyl the Fighter (level 10, -1/82 HPs)
             Began as a Gnoll Abyssal Knight on Dec 9, 2020.
             Was an Elder of Lugonu.
             Slain by a wyvern (12 damage)
             ... on level 8 of the Dungeon.
             The game lasted 00:11:08 (8608 turns).

Gargoyl the Fighter (Gnoll Abyssal Knight)          Turns: 8608, Time: 00:11:09

Health: -1/82      AC: 18    Str: 18    XL:     10   Next: 49%
Magic:  27/27      EV: 10    Int: 15    God:    Lugonu [****..]
Gold:   516        SH:  0    Dex: 14    Spells: 19/19 levels left

rFire    . . .     SeeInvis .   a - +3 hand axe
rCold    . . .     Faith    .   (no shield)
rNeg     . . .     Spirit   .   d - +3 chain mail {Will+}
rPois    .         Reflect  .   c - +1 helmet
rElec    .         Harm     .   b - +0 cloak
rCorr    .         Rampage  .   m - +0 pair of gloves
Will     +....                  (no boots)
Stlth    ..........             (no amulet)
HPRegen  0.23/turn              s - ring of magical power
MPRegen  0.20/turn              (no ring)

@: no status effects
A: distributed training, fangs 1, strong nose
a: Depart the Abyss, Bend Space, Banish, Corrupt, Renounce Religion


You were on level 8 of the Dungeon.
You worshipped Lugonu.
Lugonu was greatly pleased with you.
You visited 1 branch of the dungeon, and saw 9 of its levels.
You visited the Abyss 1 time.

You collected 516 gold pieces.

Inventory:

Hand Weapons
 a - a +3 hand axe (weapon)
Missiles
 j - 40 poisoned darts (quivered)
Armour
 b - a +0 cloak (worn)
 c - a +1 helmet (worn)
 d - a +3 chain mail of willpower (worn)
 m - a +0 pair of gloves (worn)
Jewellery
 s - a ring of magical power (left hand)
Wands
 i - a wand of paralysis (3)
 k - a wand of flame (20)
 p - a wand of acid (5)
 t - a wand of digging (2)
Scrolls
 e - 6 scrolls of teleportation
 g - 2 scrolls of fog
 h - 3 scrolls of magic mapping
 n - a scroll of identify
 r - 3 scrolls of remove curse
 v - a scroll of torment {unknown}
Potions
 f - a potion of haste
 l - a potion of magic
 o - 3 potions of curing
 q - a potion of cancellation
 u - a potion of ambrosia


   Skills:
 + Level 8.5 Fighting
 + Level 5.3 Short Blades
 + Level 5.3 Long Blades
 + Level 7.1 Axes
 + Level 5.3 Maces & Flails
 + Level 5.3 Polearms
 + Level 5.3 Staves
 + Level 5.3 Slings
 + Level 5.3 Bows
 + Level 5.3 Crossbows
 + Level 5.3 Throwing
 + Level 7.1 Armour
 + Level 6.0 Dodging
 + Level 5.3 Stealth
 + Level 5.3 Shields
 + Level 5.3 Unarmed Combat
 + Level 5.3 Spellcasting
 + Level 4.4 Conjurations
 + Level 4.4 Hexes
 + Level 4.4 Summonings
 + Level 4.4 Necromancy
 + Level 4.4 Translocations
 + Level 4.4 Transmutations
 + Level 4.4 Fire Magic
 + Level 4.4 Ice Magic
 + Level 4.4 Air Magic
 + Level 4.4 Earth Magic
 + Level 4.4 Poison Magic
 + Level 7.5 Invocations
 + Level 5.3 Evocations


You had 19 spell levels left.
You didn't know any spells.
Your spell library contained the following spells:

 Spells                   Type           Power        Failure   Level
 Animate Skeleton         Necr           ###...       26%         1
 Beastly Appendage        Tmut           ###...       26%         1
 Pain                     Necr           ###.         26%         1
 Wereblood                Tmut           ###.....     36%         2
 Spider Form              Tmut/Pois      ###.......   61%         3
 Vampiric Draining        Necr           ###.......   61%         3
 Animate Dead             Necr           ###.......   95%         4
 Ice Form                 Ice/Tmut       ###.....     95%         4
 Agony                    Necr           ###.....     100%        5
 Blade Hands              Tmut           ###.......   100%        5


Dungeon Overview and Level Annotations

Branches:
Dungeon (9/15)             Temple (0/1) D:6
   Lair: D:8-11         Orc: D:9-12

Altars:
Ashenzari
Cheibriados
Gozag
Hepliaklqana
Kikubaaqudgha
Makhleb
Okawaru
Ru
Wu Jian
Xom
Zin
The Shining One

Shops:
D:7 *

Annotations:
Abyss:1 feta's ghost, novice PaWz


Innate Abilities, Weirdness & Mutations

Your experience applies equally to all skills.
You have very sharp teeth.
Your uncanny sense of smell can sniff out nearby items.


Message History

The wyvern closely misses you.
The wyvern bites you but does no damage.
You hit the wyvern but do no damage.
The wyvern is heavily wounded.
The wyvern misses you.
You bump into the rock wall.
The wyvern bites you but does no damage.
The wyvern bites you!
* * * LOW HITPOINT WARNING * * *
You bump into the rock wall.
The wyvern completely misses you.
You bump into the rock wall.
The wyvern misses you. The wyvern bites you!
* * * LOW HITPOINT WARNING * * *
You're too confused to move!
The wyvern bites you but does no damage.
You bump into the rock wall.
You feel less invigorated.
You feel less confused. The wyvern bites you!
* * * LOW HITPOINT WARNING * * *
The wyvern bites you!
You die...

#..###.###..#
#.........# #........#
#....z..##########
##....O..# #......#
#......### #......#
#......# #......#####
#.....Z#####..........#
#.....zOl@.'..........#
#......#####..........#
#......# #.##.......#
#......# #.###.####.#
######## #.# #)####.#
#.# #.#....#
#.###<#.######
#.#..........#
.....#.###.##.#


You could see a wyvern, an ogre, a wight and a bullfrog skeleton.

Vanquished Creatures
  Pikel (D:6)
  Prince Ribbit (D:6)
  Sigmund (D:2)
  Menkaure (D:6)
  An ice beast (D:8)
  A phantom (D:8)
  A black bear (D:7)
  The ghost of vinnie the Skirmisher, an amateur MiAK of Lugonu (D:3)
  3 sky beasts
  3 ogres
  4 centaurs
  A big kobold (D:7)
  4 bullfrogs
  6 scorpions
  4 killer bees (D:8)
  4 wights (D:6)
  2 centaur zombies
  3 hounds
  2 orc priests
  A bullfrog skeleton (D:7)
  2 centaur skeletons
  7 orc wizards
  Terence (D:2)
  6 worker ants
  A hound skeleton (D:4)
  A worker ant zombie (D:6)
  2 gnolls (D:4)
  A howler monkey skeleton (D:8)
  4 adders
  3 white imps
  An ufetubus (D:7)
  An ooze (D:1)
  An adder skeleton (D:5)
  2 worms
  A dart slug (D:3)
  6 leopard geckos
  17 orcs
  5 ball pythons
  8 bats
  6 giant cockroaches
  8 hobgoblins
  15 jackals
  3 quokkas
  15 frilled lizards
  6 goblins
  17 kobolds
  9 rats
194 creatures vanquished.

Vanquished Creatures (others)
  5 plants (D:2)
5 creatures vanquished.

Grand Total: 199 creatures vanquished

Notes
Turn   | Place    | Note
-------+----------+-------------------------------------------
     0 | Abyss:1  | Gargoyl the Gnoll Abyssal Knight began the quest for the
                  | Orb.
     0 | Abyss:1  | Reached XP level 1. HP: 23/23 MP: 3/3
    41 | Abyss:1  | Found a roughly hewn altar of Beogh.
   157 | Abyss:2  | Noticed a wraith
   178 | Abyss:2  | Noticed a large abomination
   185 | Abyss:2  | Noticed a large abomination
   185 | Abyss:2  | Noticed an ancient zyme
   189 | D:1      | Escaped the Abyss
   396 | D:1      | Reached * piety under Lugonu
   397 | D:1      | Reached XP level 2. HP: 29/29 MP: 5/5
   618 | D:1      | Reached XP level 3. HP: 32/35 MP: 6/6
  1006 | D:2      | Noticed Sigmund
  1019 | D:2      | Killed Sigmund
  1020 | D:2      | Reached skill level 1 in Short Blades
  1020 | D:2      | Reached skill level 1 in Long Blades
  1020 | D:2      | Reached skill level 1 in Maces & Flails
  1020 | D:2      | Reached skill level 1 in Polearms
  1020 | D:2      | Reached skill level 1 in Staves
  1020 | D:2      | Reached skill level 1 in Slings
  1020 | D:2      | Reached skill level 1 in Bows
  1020 | D:2      | Reached skill level 1 in Crossbows
  1020 | D:2      | Reached skill level 1 in Throwing
  1020 | D:2      | Reached skill level 1 in Stealth
  1020 | D:2      | Reached skill level 1 in Shields
  1020 | D:2      | Reached skill level 1 in Unarmed Combat
  1020 | D:2      | Reached skill level 1 in Spellcasting
  1020 | D:2      | Reached skill level 1 in Conjurations
  1020 | D:2      | Reached skill level 1 in Hexes
  1020 | D:2      | Reached skill level 1 in Summonings
  1020 | D:2      | Reached skill level 1 in Necromancy
  1020 | D:2      | Reached skill level 1 in Translocations
  1020 | D:2      | Reached skill level 1 in Transmutations
  1020 | D:2      | Reached skill level 1 in Fire Magic
  1020 | D:2      | Reached skill level 1 in Ice Magic
  1020 | D:2      | Reached skill level 1 in Air Magic
  1020 | D:2      | Reached skill level 1 in Earth Magic
  1020 | D:2      | Reached skill level 1 in Poison Magic
  1020 | D:2      | Reached skill level 1 in Evocations
  1020 | D:2      | Reached XP level 4. HP: 21/41 MP: 7/7
  1020 | D:2      | Reached XP level 5. HP: 24/47 MP: 8/8
  1379 | D:2      | Noticed Terence
  1394 | D:2      | Killed Terence
  1395 | D:2      | Reached skill level 5 in Invocations
  1437 | D:2      | Reached ** piety under Lugonu
  1617 | D:2      | Reached XP level 6. HP: 53/53 MP: 9/9
  1618 | D:2      | Found a sacrificial altar of Ru.
  1621 | D:2      | Found an ancient bone altar of Kikubaaqudgha.
  1764 | D:3      | Found an ornate altar of the Wu Jian Council.
  1842 | D:3      | Reached *** piety under Lugonu
  1851 | D:3      | Noticed vinnie's ghost (amateur MiAK)
  1920 | D:3      | Found a burning altar of Makhleb.
  2025 | D:3      | Found a runed translucent gate.
  2026 | D:3      | Found a runed translucent gate.
  2032 | D:3      | Found a runed translucent gate.
  2065 | D:3      | Killed vinnie's ghost
  2066 | D:3      | Reached skill level 5 in Axes
  2066 | D:3      | Reached skill level 5 in Armour
  2262 | D:4      | Reached XP level 7. HP: 46/59 MP: 10/10
  2417 | D:3      | Reached skill level 7 in Fighting
  3063 | D:4      | Found a broken altar of Ashenzari.
  3225 | D:4      | Banished an unseen horror
  3226 | D:4      | Reached XP level 8. HP: 25/67 MP: 13/13
  4202 | D:5      | Entered Level 5 of the Dungeon
  4505 | D:5      | Found a shimmering altar of Xom.
  4557 | D:5      | Reached XP level 9. HP: 48/73 MP: 14/14
  4692 | D:5      | Found a snail-covered altar of Cheibriados.
  4832 | D:5      | Found a hazy altar of Hepliaklqana.
  5164 | D:6      | Reached **** piety under Lugonu
  5296 | D:6      | Found a staircase to the Ecumenical Temple.
  5297 | D:6      | Noticed Pikel
  5343 | D:6      | Killed Pikel
  5344 | D:6      | Reached skill level 5 in Dodging
  5486 | D:6      | Found an iron altar of Okawaru.
  5840 | D:6      | Reached skill level 8 in Fighting
  5907 | D:6      | Noticed Menkaure
  5912 | D:6      | Killed Menkaure
  6010 | D:6      | Noticed Prince Ribbit
  6044 | D:6      | Killed Prince Ribbit
  6332 | D:6      | Found a runed translucent gate.
  6332 | D:6      | Found a runed translucent gate.
  6332 | D:6      | Found a runed translucent gate.
  6333 | D:6      | Noticed feta's ghost (novice PaWz)
  6344 | D:6      | Banished feta's ghost
  6345 | D:6      | Reached XP level 10. HP: 72/80 MP: 17/17
  6766 | D:7      | Reached skill level 5 in Short Blades
  6766 | D:7      | Reached skill level 5 in Long Blades
  6766 | D:7      | Reached skill level 5 in Maces & Flails
  6766 | D:7      | Reached skill level 5 in Polearms
  6766 | D:7      | Reached skill level 5 in Staves
  6766 | D:7      | Reached skill level 5 in Slings
  6766 | D:7      | Reached skill level 5 in Bows
  6766 | D:7      | Reached skill level 5 in Crossbows
  6766 | D:7      | Reached skill level 5 in Throwing
  6766 | D:7      | Reached skill level 5 in Stealth
  6766 | D:7      | Reached skill level 5 in Shields
  6766 | D:7      | Reached skill level 5 in Unarmed Combat
  6766 | D:7      | Reached skill level 5 in Spellcasting
  6766 | D:7      | Reached skill level 5 in Evocations
  7020 | D:7      | Found an opulent altar of Gozag.
  7022 | D:7      | Found Gozag's Platinum Reserve.
  7265 | D:7      | Found an iron altar of Okawaru.
  7265 | D:7      | Found a glowing golden altar of the Shining One.
  7727 | D:7      | Found a glowing silver altar of Zin.
  8608 | D:8      | Slain by a wyvern

Illustrated notes

Levels and vault maps discovered:
D:1:      lemuel_arrival_muddy, layout_basic
D:2:      layout_basic, grunt_temple_overflow_open, minmay_lizard_king,
          uniq_sigmund, uniq_terence
D:3:      layout_rooms, nicolae_overflow_hidden_temple, lemuel_doored_altar,
          gammafunk_ghost_split
D:4:      minmay_thinvault, layout_gridville, ashenzari_altar_1,
          corexii_leaking_fountain
D:5:      layout_loops_ring, nicolae_overflow_crystal_walls,
          overflow_temple_1_default, cheibriados_altar_1
D:6:      layout_basic, minmay_temple_entry_junction_2,
          ebering_ghost_rock_garden, okawaru_gym_becter, uniq_pikel,
          uniq_menkaure, uniq_prince_ribbit1
D:7:      layout_basic, zin_treasury, gammafunk_temple_overflow_elements,
          nicolae_gozag_zags_fifth_avenue
D:8:      layout_basic, kennysheep_little_box, amethyst_killhole,
          minmay_manual_mail
D:9:      layout_loops_ring, lemuel_round_altar, basic_altar, serial_shops, shop

Skill      XL: |  1  2  3  4  5  6  7  8  9 10 |
---------------+-------------------------------+-----
Short Blades   | 1 2 3 4 5 |  5.3
Long Blades    | 1 2 3 4 5 |  5.3
Maces & Flails | 1 2 3 4 5 |  5.3
Polearms       | 1 2 3 4 5 |  5.3
Staves         | 1 2 3 4 5 |  5.3
Slings         | 1 2 3 4 5 |  5.3
Bows           | 1 2 3 4 5 |  5.3
Crossbows      | 1 2 3 4 5 |  5.3
Throwing       | 1 2 3 4 5 |  5.3
Dodging        | 3 4 5 6 |  6.0
Stealth        | 1 2 3 4 5 |  5.3
Shields        | 1 2 3 4 5 |  5.3
Unarmed Combat | 1 2 3 4 5 |  5.3
Spellcasting   | 1 2 3 4 5 |  5.3
Conjurations   | 1 2 3 4 |  4.4
Hexes          | 1 2 3 4 |  4.4
Summonings     | 1 2 3 4 |  4.4
Necromancy     | 1 2 3 4 |  4.4
Translocations | 1 2 3 4 |  4.4
Transmutations | 1 2 3 4 |  4.4
Fire Magic     | 1 2 3 4 |  4.4
Ice Magic      | 1 2 3 4 |  4.4
Air Magic      | 1 2 3 4 |  4.4
Earth Magic    | 1 2 3 4 |  4.4
Poison Magic   | 1 2 3 4 |  4.4
Evocations     | 1 2 3 4 5 |  5.3
Invocations    | 5 6 7 |  7.5
Axes           | 5 6 7 |  7.1
Armour         | 5 6 7 |  7.1
Fighting       | 7 8 |  8.5

Action                   |  1- 3 |  4- 6 |  7- 9 | 10-12 || total
-------------------------+-------+-------+-------+-------++-------
Melee: Hand axe          |    90 |   156 |   347 |   247 ||   840
       Bite              |     5 |    17 |    39 |    30 ||    91
       Unarmed           |       |     1 |       |       ||     1
       Punch             |       |     1 |     5 |     6 ||    12
Throw: Dart              |       |       |    10 |    18 ||    28
Invok: Depart the Abyss  |     1 |       |       |       ||     1
       Banish            |       |       |     2 |       ||     2
Evoke: Wand              |       |       |     3 |     3 ||     6
  Use: Scroll            |     8 |     2 |     7 |     2 ||    19
       Potion            |     1 |       |     3 |     2 ||     6
Armor: Chain mail        |    62 |   142 |   267 |   207 ||   678
Dodge: Dodged            |    50 |    74 |   153 |   135 ||   412

Table legend: (Time is in decaauts)
 A = Elapsed time spent in this place.
 B = Non-inter-level travel time spent in this place.
 C = Inter-level travel time spent in this place.
 D = Time resting spent in this place.
 E = Time spent auto-exploring this place.
 F = Levels seen in this place.
 G = Mean time per level.
                   A        B        C        D        E       F      G
               +--------+--------+--------+--------+--------+-----+--------+
         Total |   8590 |   8432 |    158 |    763 |   5853 |  11 |  780.9 |
       Dungeon |   8401 |   8243 |    158 |    730 |   5739 |   9 |  933.4 |
         Abyss |    188 |    188 |      0 |     33 |    114 |   2 |   94.0 |
               +--------+--------+--------+--------+--------+-----+--------+

Top non-repeatable levels by time:
     D:4: 1868 daAuts
     D:6: 1667 daAuts
     D:7: 1233 daAuts
     D:2: 890 daAuts
     D:5: 854 daAuts
     D:1: 688 daAuts
     D:8: 592 daAuts
     D:3: 587 daAuts
 Abyss:1: 120 daAuts
 Abyss:2: 68 daAuts
     D:9: 19 daAuts
